 Dungeon Crawl Stone Soup version 0.30.1-11-g7821555f0a (webtiles) character file.

Game seed: 14050377599999535541

874 MacCMillion the Chopper (level 8, -4/64 HPs)
             Began as a Ghoul Fighter on Nov 10, 2023.
             Slain by an ice beast (6 damage)
             ... on level 5 of the Dungeon.
             The game lasted 00:06:41 (3651 turns).

MacCMillion the Chopper (Ghoul Fighter)             Turns: 3651, Time: 00:06:42

Health: -4/64      AC: 10    Str: 22    XL:     8   Next: 4%
Magic:  7/7        EV:  8    Int:  3    God:
Gold:   216        SH:  4    Dex:  8    Spells: 7/7 levels left

rFire   . . .        a - +0 war axe
rCold   + . .        c - +0 buckler
rNeg    + + +        e - +0 chain mail
rPois   ∞            (no helmet)
rElec   .            (no cloak)
rCorr   .            k - +0 pair of gloves
SInv    .            (no boots)
Will    .....        (no amulet) Stlth
                     n - ring of flight
HPRegen 0.00/turn    (no ring)
MPRegen 0.10/turn

%: no passive effects
@: flying, inhibited regen, invisible
A: claws 1, cold resistance 1, negative energy resistance 3, inhibited
regeneration, torment resistance 2, devour on kill
a: no special abilities


You were on level 5 of the Dungeon.
You visited 1 branch of the dungeon, and saw 5 of its levels.
You also visited: Sewer.

You collected 216 gold pieces.

Inventory:

Hand Weapons
 a - a +0 war axe (weapon)
Missiles
 y - 2 poisoned darts (quivered)
Armour
 c - a +0 buckler (worn)
 e - a +0 chain mail (worn)
 k - a +0 pair of gloves (worn)
Jewellery
 n - a ring of flight (left hand)
Scrolls
 f - 3 scrolls of identify {unknown}
 j - 2 scrolls of teleportation {unknown}
 m - a scroll of noise {unknown}
 p - 4 scrolls of poison {unknown}
 r - a scroll of blinking {unknown}
 w - a scroll of enchant weapon {unknown}
 A - a scroll of immolation {unknown}
Potions
 b - 3 potions of brilliance {unknown}
 d - a potion of might
 g - a potion of degeneration {unknown}
 h - 2 potions of curing
 i - 2 potions of haste {unknown}
 l - a potion of berserk rage {unknown}
 o - 3 potions of mutation {unknown}
 q - a potion of heal wounds {unknown}
 s - a potion of invisibility
 t - a potion of experience {unknown}
 u - 2 potions of magic {unknown}
 v - 2 potions of lignification {unknown}
 x - a potion of flight {unknown}
 z - 3 potions of attraction {unknown}


   Skills:
 - Level 3.6 Fighting
 + Level 7.5 Axes
 - Level 3.0 Armour
 - Level 4.0 Shields


You had 7 spell levels left.
You didn't know any spells.
Your spell library contained the following spells:

 Spells                   Type           Power      Damage    Failure   Level
 Ensorcelled Hibernation  Hex/Ice        0%         N/A       100%        2
 Anguish                  Hex/Necr       0%         N/A       100%        4
 Spider Form              Tmut/Pois      Unusable   N/A       N/A         3

Dungeon Overview and Level Annotations

Branches:
Dungeon (5/15)              Sewer (visited)
 Temple: D:4-7

Altars:
Trog

Shops:
D:3 ?


Innate Abilities, Weirdness & Mutations

You are immune to poison.
You have sharp fingernails.
Your flesh is cold resistant. (rC+)
You are immune to negative energy. (rN+++)
You do not regenerate when monsters are visible.
You are immune to unholy pain and torment.
You thrive by killing the living.


Message History

You miss the water moccasin.
The water moccasin is lightly wounded.
You hit the ice beast but do no damage. You slash Menkaure!
You destroy Menkaure!
The ice beast hits you but does no damage.
The water moccasin bites you but does no damage.
The ice beast barely misses you.
You have reached level 8!
You barely miss the water moccasin.
The water moccasin is lightly wounded.
You hit the ice beast. The water moccasin barely misses you.
The water moccasin completely misses you.
The ice beast hits you but does no damage.
You closely miss the water moccasin.
The water moccasin is lightly wounded.
You closely miss the ice beast. The water moccasin bites you.
* * * LOW HITPOINT WARNING * * *
The ice beast closely misses you. The water moccasin barely misses you.
You hit the water moccasin.
The water moccasin is lightly wounded.
You barely miss the ice beast. You block the water moccasin's attack.
The ice beast hits you but does no damage.
You closely miss the water moccasin.
The water moccasin is lightly wounded.
You hit the ice beast. You block the water moccasin's attack.
The ice beast hits you but does no damage.
The water moccasin bites you.
* * * LOW HITPOINT WARNING * * *
You closely miss the water moccasin.
The water moccasin is lightly wounded.
You hit the ice beast but do no damage. The water moccasin closely misses you.
The ice beast barely misses you. The water moccasin bites you.
* * * LOW HITPOINT WARNING * * *
You block the ice beast's attack.
You fade into invisibility!
The water moccasin bites you but does no damage.
The ice beast hits you.
* * * LOW HITPOINT WARNING * * *
The ice beast freezes you. You resist.
You die...

...... ..?....
##.......
##........
###.........
#(..........
#.SY.......
#@........
##........
##........
##.........
#....[.....
###..........
###............
###......######..
#.......## #.


You could see a water moccasin (unable to see you) and an ice beast (unable to
see you).

Vanquished Creatures
  Menkaure (D:5)
  Edmund (D:4)
  Duvessa (D:4)
  A black bear (D:5)
  3 kobold brigands (Sewer)
  Dowan (D:4)
  An iguana (D:4)
  7 adders
  A worm (D:4)
  A dart slug (D:1)
  7 ball pythons
  8 bats
  5 endoplasms
  12 giant cockroaches
  6 hobgoblins
  22 kobolds
  4 quokkas
  2 frilled lizards (D:1)
  7 goblins
  5 rats
96 creatures vanquished.

Notes
Turn   | Place    | Note
-------+----------+-------------------------------------------
     0 | D:1      | MacCMillion the Ghoul Fighter began the quest for the Orb.
     0 | D:1      | Reached XP level 1. HP: 19/19 MP: 0/0
   212 | D:1      | Reached skill level 2 in Axes
   212 | D:1      | Reached XP level 2. HP: 26/26 MP: 1/1
   406 | D:1      | Reached XP level 3. HP: 31/31 MP: 2/2
  1219 | D:3      | Found Nuzityr's Magic Scroll Shoppe.
  1242 | D:3      | Reached XP level 4. HP: 39/39 MP: 3/3
  1384 | D:3      | Found a glowing drain.
  1410 | Sewer    | Entered a sewer
  1431 | Sewer    | Noticed a kobold brigand
  1442 | Sewer    | Killed a kobold brigand
  1443 | Sewer    | Reached skill level 3 in Axes
  1443 | Sewer    | Reached XP level 5. HP: 27/45 MP: 4/4
  1558 | Sewer    | Noticed a kobold brigand
  1558 | Sewer    | Noticed a kobold brigand
  1571 | Sewer    | Killed a kobold brigand
  1572 | Sewer    | Reached skill level 4 in Axes
  1572 | Sewer    | Reached XP level 6. HP: 36/51 MP: 5/5
  2138 | D:3      | Reached skill level 5 in Axes
  2785 | D:4      | Noticed Edmund
  2803 | D:4      | Killed Edmund
  2804 | D:4      | Reached XP level 7. HP: 26/57 MP: 6/6
  2943 | D:4      | Noticed Dowan
  2944 | D:4      | Noticed Duvessa
  2962 | D:4      | Killed Duvessa
  2963 | D:4      | Reached skill level 6 in Axes
  2967 | D:4      | Killed Dowan
  3186 | D:4      | Found a bloodstained altar of Trog.
  3346 | D:5      | Entered Level 5 of the Dungeon
  3359 | D:5      | Reached skill level 7 in Axes
  3638 | D:5      | Noticed Menkaure
  3645 | D:5      | Killed Menkaure
  3646 | D:5      | Reached XP level 8. HP: 16/64 MP: 7/7
  3651 | D:5      | HP: 2/64 [ice beast (3)]
  3651 | D:5      | Slain by an ice beast

Illustrated notes

Levels and vault maps discovered:
D:1:      co_arrival_square_in_a_square_in_a_square, layout_loops_ring,
          palyth_stone_intersect, glass_columns_a
D:2:      layout_rooms, kennysheep_cross_bottleneck
D:3:      layout_loops_ring, gup_sewer_entry_pipe, serial_shops, shop,
          serial_rivers, chequers_serial_rivers_micro_d,
          chequers_serial_rivers_large_b, chequers_serial_rivers_small_b,
          chequers_serial_rivers_micro_d
D:4:      layout_basic, tso_metal_star, old_standard_altar,
          mainiacjoe_overflow_small_starburst, nicolae_figureground_pulse,
          uniq_edmund, uniq_duvessa
D:5:      layout_layer_cave, nicolae_uskayaw_murder_on_the_dancefloor,
          roderic_batcave, uniq_menkaure, uniq_pikel

Skill      XL: |  1  2  3  4  5  6  7 |
---------------+----------------------+-----
Axes           | 2 3 4 5 7 |  7.5
Armour         | 3 |  3.0
Shields        | 3 4 |  4.0
Fighting       | |  3.6

Action                     |  1- 3 |  4- 6 |  7- 9 || total
---------------------------+-------+-------+-------++-------
  Melee: War axe           |    83 |   182 |    53 ||   318
  Throw: Dart              |       |     2 |       ||     2
    Use: Potion            |       |       |     1 ||     1
 Armour: Chain mail        |    51 |   110 |    31 ||   192
  Dodge: Dodged            |    35 |    78 |    32 ||   145
  Block: Buckler           |    17 |    28 |    15 ||    60
